 Dungeon Crawl Stone Soup version 0.30-a0-587-gfd7c166f36 (webtiles) character file.

Game seed: 12429271042768530410

128 Citaku the Covered (level 5, 0/41 HPs)
             Began as a Human Fighter on Jan 4, 2023.
             Slain by a gnoll
             ... wielding a +0 halberd
             ... led by a gnoll bouda
              (1 damage)
             ... on level 4 of the Dungeon.
             The game lasted 00:04:51 (2414 turns).

Citaku the Covered (Human Fighter)                  Turns: 2414, Time: 00:04:52

Health: 0/41       AC: 10    Str: 16    XL:     5   Next: 34%
Magic:  5/5        EV:  7    Int:  9    God:
Gold:   126        SH:  9    Dex: 14    Spells: 4/4 levels left

rFire   . . .      SeeInvis .    a - +0 war axe
rCold   . . .      Faith    .    s - +0 kite shield
rNeg    . . .      Spirit   .    b - +0 scale mail
rPois   .          Reflect  .    q - +2 helmet
rElec   .          Harm     .    (no cloak)
rCorr   .          Rampage  .    (no gloves)
Will    .....                    (no boots) Stlth
                                 (no amulet)
HPRegen 0.26/turn                (no ring)
MPRegen 0.09/turn                (no ring)

@: no status effects
A: no striking features
a: no special abilities


You were on level 4 of the Dungeon.
You visited 1 branch of the dungeon, and saw 4 of its levels.

You collected 126 gold pieces.

Inventory:

Hand Weapons
 a - a +0 war axe (weapon)
Armour
 b - a +0 scale mail (worn)
 q - a +2 helmet (worn)
 s - a +0 kite shield (worn)
Jewellery
 c - an amulet of the acrobat
Scrolls
 f - 4 scrolls of fog {unknown}
 i - 2 scrolls of teleportation {unknown}
 j - 2 scrolls of amnesia {unknown}
 k - 4 scrolls of identify {unknown}
 l - a scroll of brand weapon {unknown}
 m - a scroll of enchant weapon {unknown}
 r - 2 scrolls of vulnerability {unknown}
Potions
 d - 2 potions of might
 e - 2 potions of attraction {unknown}
 g - a potion of lignification {unknown}
 n - a potion of heal wounds {unknown}
 o - 2 potions of berserk rage {unknown}
 p - 2 potions of brilliance {unknown}


   Skills:
 + Level 3.5 Fighting
 * Level 3.2 Axes
 * Level 4.1 Armour
 + Level 3.5 Shields


You had 4 spell levels left.
You didn't know any spells.
Your spell library contained the following spells:

 Spells                   Type           Power      Damage    Failure   Level
 Magic Dart               Conj           0%         1d3       99%         1
 Blink                    Tloc           0%         N/A       100%        2
 Searing Ray              Conj           0%         2d4       100%        2
 Stone Arrow              Conj/Erth      0%         3d7       100%        3
 Animate Armour           Summ/Erth      0%         N/A       100%        4
 Fulminant Prism          Conj/Hex       0%         3d5       100%        4
 Manifold Assault         Tloc           0%         N/A       100%        4
 Summon Ice Beast         Ice/Summ       0%         N/A       100%        4
 Summon Mana Viper        Hex/Summ       0%         N/A       100%        5
 Monstrous Menagerie      Summ           0%         N/A       100%        7
 Storm Form               Tmut/Air       0%         N/A       100%        7
 Lehudib's Crystal Spear  Conj/Erth      0%         10d2      100%        8


Dungeon Overview and Level Annotations

Branches:
Dungeon (4/15)
 Temple: D:4-7

Altars:
Hepliaklqana
Makhleb
Yredelemnul


Message History

You miss the quokka. You hit the orc. You slash the gnoll!
The quokka barely misses you. The orc barely misses you.
You block the gnoll's attack.
A gnoll comes into view. It is wielding a +0 whip.
The gnoll bouda barks out a call to the hunt!
The gnolls pick up the pace!
You block the gnoll's attack. The quokka bites you.
The gnoll shouts!
You barely miss the quokka. You hit the orc. You hit the gnoll.
You kill the gnoll!
The quokka bites you but does no damage.
The orc hits you but does no damage. The gnoll barely misses you.
The quokka barely misses you. You block the orc's attack.
You block the gnoll's attack.
You barely miss the quokka. You barely miss the orc. You closely miss the orc.
The quokka bites you. The orc hits you but does no damage.
The gnoll hits you from afar with a +0 halberd!
The orc barely misses you. The quokka bites you.
You miss the quokka. You hit the orc.
You kill the orc!
You slash the orc!
You kill the orc!
You block the gnoll's attack. The quokka completely misses you.
The gnoll hits you from afar with a +0 halberd.
You barely miss the gnoll bouda. You closely miss the quokka.
You block the quokka's attack.
The gnoll hits you from afar with a +0 halberd!
* * * LOW HITPOINT WARNING * * *
The gnoll bouda hits you with a +0 club.
* * * LOW HITPOINT WARNING * * *
A gnoll comes into view. It is wielding a +0 spear.
You block the quokka's attack. The gnoll closely misses you.
Okay, then.
This is a scroll of acquirement!
Something appears at your feet!
The gnoll shouts!
The quokka bites you.
* * * LOW HITPOINT WARNING * * *
The gnoll hits you from afar with a +0 halberd.
You die...

........#
####.#.....#
.>#(#.....#
.........####
............
#.#......#
...#.#.#....#
?......<...#
........g@.#
...[.(..gr.#
[........g.#
...........#
..........##
........#.#
<....####.#
... #g#


You could see a gnoll bouda, 3 gnolls and a quokka.

Vanquished Creatures
  An orc priest (D:3)
  A gnoll (D:4)
  2 worms (D:2)
  A dart slug (D:2)
  12 orcs
  7 endoplasms
  4 giant cockroaches
  6 hobgoblins
  3 jackals (D:3)
  5 kobolds
  2 quokkas
  6 ball pythons
  2 bats (D:1)
  3 frilled lizards
  4 goblins
  3 rats
62 creatures vanquished.

Notes
Turn   | Place    | Note
-------+----------+-------------------------------------------
     0 | D:1      | Citaku the Human Fighter began the quest for the Orb.
     0 | D:1      | Reached XP level 1. HP: 18/18 MP: 1/1
   184 | D:1      | Reached XP level 2. HP: 24/24 MP: 2/2
   929 | D:2      | Reached XP level 3. HP: 27/29 MP: 3/3
  1269 | D:2      | Found a basalt altar of Yredelemnul.
  1463 | D:2      | Reached XP level 4. HP: 35/35 MP: 4/4
  1787 | D:3      | Found a burning altar of Makhleb.
  1815 | D:3      | Reached XP level 5. HP: 35/41 MP: 5/5
  1831 | D:3      | Reached skill level 4 in Armour
  1913 | D:3      | Found a faded altar of an unknown god.
  1922 | D:3      | Found a hazy altar of Hepliaklqana.
  2126 | D:3      | Noticed a black bear
  2414 | D:4      | Identified a scroll of acquirement
  2414 | D:4      | Acquired a +0 quick blade of distortion
  2414 | D:4      | HP: 1/41 [quokka (2)]
  2414 | D:4      | Slain by a gnoll

Illustrated notes

Levels and vault maps discovered:
D:1:      spicycebolla_arrival_ecumenical, layout_basic, minmay_pentomino_w2
D:2:      layout_rooms, basic_altar, minmay_bisected
D:3:      layout_loops_ring, nicolae_overflow_ecumenical_swirl, bloody_makhleb,
          chequers_serial_rivers_large_b, lightli_corner_chamber
D:4:      layout_loops_ring, gammafunk_temple_overflow_pools,
          small_statue_intersection

Skill      XL: |  1  2  3  4  5 |
---------------+----------------+-----
Axes           | 3 |  3.2
Armour         | 4 |  4.1
Fighting       | |  3.5
Shields        | |  3.5

Action                   |  1- 3 |  4- 6 || total
-------------------------+-------+-------++-------
Melee: War axe           |   101 |    89 ||   190
  Use: Scroll            |       |     1 ||     1
Armor: Scale mail        |    63 |    45 ||   108
Dodge: Dodged            |    42 |    39 ||    81
Block: Buckler           |    25 |       ||    25
       Kite shield       |    27 |    63 ||    90

Table legend: (Time is in decaauts)
 A = Elapsed time spent in this place.
 B = Non-inter-level travel time spent in this place.
 C = Inter-level travel time spent in this place.
 D = Time resting spent in this place.
 E = Time spent auto-exploring this place.
 F = Levels seen in this place.
 G = Mean time per level.
                   A        B        C        D        E       F      G
               +--------+--------+--------+--------+--------+-----+--------+
         Total |   2534 |   2534 |      0 |      0 |   1785 |   4 |  633.5 |
       Dungeon |   2534 |   2534 |      0 |      0 |   1785 |   4 |  633.5 |
               +--------+--------+--------+--------+--------+-----+--------+

Top non-repeatable levels by time:
     D:1: 928 daAuts
     D:3: 877 daAuts
     D:2: 708 daAuts
     D:4: 20 daAuts
